Workbook
Name Print_Titles: Лист1!$8:$11

Sheet Лист1
S1: Приложение к письму
S2: Департамента финансов Томской области
S3: от .06.2024 №50-02/18-
A5: Информация о плановых ассигнованиях и кассовом исполнении расходов консолидированного бюджета Томской области на реализацию региональных проектов Томской области по состоянию на 01.03.2026 года
U7: (тыс. рублей)
A8: № п/п | B8: Наименование | C8: Код ГРБС | D8: Наименование ГРБС | E8: Код целевой статьи областного бюджета | F8: 2026 год | N8: 2027 год | R8: 2028 год | V8: % исполнения
F9: Плановые ассигнования*, в том числе | J9: Кассовое исполнение, в том числе | N9: Плановые ассигнования*, в том числе | R9: Плановые ассигнования*, в том числе
F10: ИТОГО | G10: за счет средств областного бюджета | H10: за счет средств федерального бюджета | I10: за счет средств местных бюджетов** | J10: ИТОГО | K10: за счет средств областного бюджета | L10: за счет средств федерального бюджета | M10: за счет средств местных бюджетов** | N10: ИТОГО | O10: за счет средств областного бюджета | P10: за счет средств федерального бюджета | Q10: за счет средств местных бюджетов | R10: ИТОГО | S10: за счет средств областного бюджета | T10: за счет средств федерального бюджета | U10: за счет средств местных бюджетов
A11: 1 | B11: 2 | C11: 3 | D11: 4 | E11: 5 | F11: 6 | G11: 7 | H11: 8 | I11: 9 | J11: 10 | K11: 11 | L11: 12 | M11: 13 | N11: 10 | O11: 11 | P11: 12 | Q11: 13 | R11: 14 | S11: 15 | T11: 16 | U11: 17 | V11: 22
B12: ВСЕГО: | F12: =G12+H12+I12 -> 17556336 | G12: =G13+G21+G57+G83+G92+G102+G133+G165+G173+G178+G182 -> 5021976.3 | H12: =H13+H21+H57+H83+H92+H102+H133+H165+H173+H178+H182 -> 11926841 | I12: =I13+I21+I57+I83+I92+I102+I133+I165+I173+I178+I182 -> 607517.8 | J12: =K12+L12+M12 -> 1327560.4 | K12: =K13+K21+K57+K83+K92+K102+K133+K165+K173+K178+K182 -> 863837.4 | L12: =L13+L21+L57+L83+L92+L102+L133+L165+L173+L178+L182 -> 401732.7 | M12: =M13+M21+M57+M83+M92+M102+M133+M165+M173+M178+M182 -> 61990.3 | N12: =O12+P12+Q12 -> 14089947 | O12: =O13+O21+O57+O83+O92+O102+O133+O165+O173+O178+O182 -> 3228839.3 | P12: =P13+P21+P57+P83+P92+P102+P133+P165+P173+P178+P182 -> 10722024 | Q12: =Q13+Q21+Q57+Q83+Q92+Q102+Q133+Q165+Q173+Q178+Q182 -> 139083.3 | R12: =S12+T12+U12 -> 13035219 | S12: =S13+S21+S57+S83+S92+S102+S133+S165+S173+S178+S182 -> 2549577.2 | T12: =T13+T21+T57+T83+T92+T102+T133+T165+T173+T178+T182 -> 10416703 | U12: =U13+U21+U57+U83+U92+U102+U133+U165+U173+U178+U182 -> 68938.6 | V12: =J12/F12 -> 0.076
A13: 1 | B13: Национальный проект "Кадры" | C13: Х | D13: Х | E13: Х | F13: =G13+H13+I13 -> 27100.1 | G13: =G18+G15 -> 542.1 | H13: =H18+H15 -> 26558 | I13: =I18+I15 -> 0 | J13: =K13+L13+M13 -> 0 | K13: =K15+K18 -> 0 | L13: =L15+L18 -> 0 | M13: =M15+M18 -> 0 | N13: =O13+P13+Q13 -> 26325.5 | O13: =O18+O15 -> 526.6 | P13: =P18+P15 -> 25798.9 | Q13: =Q18+Q15 -> 0 | R13: =S13+T13+U13 -> 26325.5 | S13: =S18+S15 -> 526.6 | T13: =T18+T15 -> 25798.9 | U13: =U18+U15 -> 0 | V13: =J13/F13 -> 0
B14: из них
A15: 1.1 | B15: Региональный проект "Образование для рынка труда" | C15: Х | D15: Х | E15: Х | F15: =G15+H15+I15 -> 10426.6 | G15: =SUM(G17:G17) -> 208.6 | H15: =SUM(H17:H17) -> 10218 | I15: =SUM(I17:I17) -> 0 | J15: =K15+L15+M15 -> 0 | K15: =K17 -> 0 | L15: =L17 -> 0 | M15: =M17 -> 0 | N15: =O15+P15+Q15 -> 9652 | O15: =SUM(O17:O17) -> 193.1 | P15: =SUM(P17:P17) -> 9458.9 | Q15: =SUM(Q17:Q17) -> 0 | R15: =S15+T15+U15 -> 9652 | S15: =SUM(S17:S17) -> 193.1 | T15: =SUM(T17:T17) -> 9458.9 | U15: =SUM(U17:U17) -> 0 | V15: =J15/F15 -> 0
B16: из них
B17: Организация профессионального обучения и дополнительного профессионального образования работников организаций оборонно-промышленного комплекса | C17: 839 | D17: Департамент труда и занятости населения Томской области | E17: 05WЛ252920 | F17: =G17+H17+I17 -> 10426.6 | G17: 208.6 | H17: 10218 | I17: 0 | J17: =K17+L17+M17 -> 0 | M17: 0 | N17: =O17+P17+Q17 -> 9652 | O17: 193.1 | P17: 9458.9 | Q17: 0 | R17: =S17+T17+U17 -> 9652 | S17: 193.1 | T17: 9458.9 | V17: =J17/F17 -> 0
A18: 1.2 | B18: Региональный проект "Человек труда" | C18: Х | D18: Х | E18: Х | F18: =G18+H18+I18 -> 16673.5 | G18: =SUM(G20:G20) -> 333.5 | H18: =SUM(H20:H20) -> 16340 | I18: =SUM(I20:I20) -> 0 | J18: =K18+L18+M18 -> 0 | K18: =SUM(K20:K20) -> 0 | L18: =SUM(L20:L20) -> 0 | M18: =SUM(M20:M20) -> 0 | N18: =O18+P18+Q18 -> 16673.5 | O18: =SUM(O20:O20) -> 333.5 | P18: =SUM(P20:P20) -> 16340 | Q18: =SUM(Q20:Q20) -> 0 | R18: =S18+T18+U18 -> 16673.5 | S18: =SUM(S20:S20) -> 333.5 | T18: =SUM(T20:T20) -> 16340 | U18: =SUM(U20:U20) -> 0 | V18: =J18/F18 -> 0
B19: из них
B20: Организация федеральных и региональных этапов Всероссийского конкурса профессионального мастерства "Лучший по профессии" | C20: 839 | D20: Департамент труда и занятости населения Томской области | E20: 05WЛ455700 | F20: =G20+H20+I20 -> 16673.5 | G20: 333.5 | H20: 16340 | J20: =K20+L20+M20 -> 0 | N20: =O20+P20+Q20 -> 16673.5 | O20: 333.5 | P20: 16340 | R20: =S20+T20+U20 -> 16673.5 | S20: 333.5 | T20: 16340 | V20: =J20/F20 -> 0
A21: 2 | B21: Национальный проект "Продолжительная и активная жизнь" | C21: Х | D21: Х | E21: Х | F21: =G21+H21+I21 -> 1967880.1 | G21: =G22+G33+G36+G39+G44+G47+G51+G54 -> 984416.2 | H21: =H22+H33+H36+H39+H44+H47+H51+H54 -> 983463.9 | I21: =I22+I33+I36+I39+I44+I47+I51+I54 -> 0 | J21: =K21+L21+M21 -> 83661.9 | K21: =K22+K33+K36+K39+K44+K47+K51+K54 -> 57478.9 | L21: =L22+L33+L36+L39+L44+L47+L51+L54 -> 26183 | M21: =M22+M33+M36+M39+M44+M47+M51+M54 -> 0 | N21: =O21+P21+Q21 -> 1194810.1 | O21: =O22+O33+O36+O39+O44+O47+O51+O54 -> 300641.1 | P21: =P22+P33+P36+P39+P44+P47+P51+P54 -> 894169 | Q21: =Q22+Q33+Q36+Q39+Q44+Q47+Q51+Q54 -> 0 | R21: =S21+T21+U21 -> 1586696.6 | S21: =S22+S33+S36+S39+S44+S47+S51+S54 -> 333748.1 | T21: =T22+T33+T36+T39+T44+T47+T51+T54 -> 1252948.5 | U21: =U22+U33+U36+U39+U44+U47+U51+U54 -> 0 | V21: =J21/F21 -> 0.043
A22: 2.1 | B22: Региональный проект "Модернизация первичного звена здравоохранения Российской Федерации" | C22: Х | D22: Х | E22: Х | F22: =G22+H22+I22 -> 1243016.8 | G22: =G24+G25+G26+G27+G28+G30+G32+G31+G29 -> 651127.4 | H22: =H24+H25+H26+H27+H28+H30+H32+H31+H29 -> 591889.4 | I22: =I24+I25+I26+I27+I28+I30+I32+I31+I29 -> 0 | J22: =K22+L22+M22 -> 6944.6 | K22: =K24+K25+K26+K27+K28+K30+K32+K31+K29 -> 6944.6 | L22: =L24+L25+L26+L27+L28+L30+L32+L31+L29 -> 0 | M22: =M24+M25+M26+M27+M28+M30+M32+M31+M29 -> 0 | N22: =O22+P22+Q22 -> 599591.3 | O22: =O24+O25+O26+O27+O28+O30+O32+O29+O31 -> 11991.8 | P22: =P24+P25+P26+P27+P28+P30+P32+P29+P31 -> 587599.5 | Q22: =Q24+Q25+Q26+Q27+Q28+Q30+Q32+Q29+Q31 -> 0 | R22: =S22+T22+U22 -> 1008714 | S22: =S24+S25+S26+S27+S28+S30+S32+S31+S29 -> 20174.3 | T22: =T24+T25+T26+T27+T28+T30+T32+T31+T29 -> 988539.7 | U22: =U24+U25+U26+U27+U28+U30+U32+U31+U29 -> 0 | V22: =J22/F22 -> 0.006
B23: из них | F23: =G23+H23+I23 -> 0 | J23: =K23+L23+M23 -> 0 | N23: =O23+P23+Q23 -> 0 | R23: =S23+T23+U23 -> 0
B24: Реализация региональных проектов модернизации первичного звена здравоохранения (капитальный ремонт зданий медицинских организаций) | C24: 821 | D24: Департамент строительства Томской области | E24: 07WД153651 | F24: =G24+H24+I24 -> 0 | G24: 0 | H24: 0 | J24: =K24+L24+M24 -> 0 | N24: =O24+P24+Q24 -> 66217.4 | O24: 1324.3 | P24: 64893.1 | R24: =S24+T24+U24 -> 164939.9 | S24: 3298.8 | T24: 161641.1 | V24: =J24/F24 -> #DIV/0!
B25: Реализация региональных проектов модернизации первичного звена здравоохранения (оснащение автомобильным транспортом медицинских организаций) | C25: 811 | D25: Департамент здравоохранения Томской области | E25: 07WД153652 | F25: =G25+H25+I25 -> 109600 | G25: 2192 | H25: 107408 | J25: =K25+L25+M25 -> 0 | N25: =O25+P25+Q25 -> 0 | O25: 0 | P25: 0 | R25: =S25+T25+U25 -> 0 | S25: 0 | T25: 0 | V25: =J25/F25 -> 0
B26: Реализация региональных проектов модернизации первичного звена здравоохранения (приведение материально-технической базы медицинских организаций в соответствие с требованиями порядков оказания медицинской помощи, их дооснащение и переоснащение оборудованием для оказания медицинской помощи) | C26: 811 | D26: Департамент здравоохранения Томской области | E26: 07WД153653 | F26: =G26+H26+I26 -> 273543.3 | G26: 5470.9 | H26: 268072.4 | J26: =K26+L26+M26 -> 0 | N26: =O26+P26+Q26 -> 124590.3 | O26: 2491.8 | P26: 122098.5 | R26: =S26+T26+U26 -> 184043.4 | S26: 3680.9 | T26: 180362.5 | V26: =J26/F26 -> 0
B27: Реализация региональных проектов модернизации первичного звена здравоохранения (строительство и (или) реконструкция объектов здравоохранения, приобретение и монтаж модульных конструкций) | C27: 821 | D27: Департамент строительства Томской области | E27: 07WД15365И | F27: =G27+H27+I27 -> 142325.5 | G27: 2846.5 | H27: 139479 | J27: =K27+L27+M27 -> 0 | N27: =O27+P27+Q27 -> 334079.8 | O27: 6681.6 | P27: 327398.2 | R27: =S27+T27+U27 -> 557730.7 | S27: 11154.6 | T27: 546576.1 | V27: =J27/F27 -> 0
B28: Реализация региональных проектов модернизации первичного звена здравоохранения (реализация национальных проектов в части расходов инвестиционного характера за счет средств, высвобождаемых в результате списания задолженности областного бюджета по бюджетным кредитам, предоставляемым из федерального бюджета) | C28: 811 | D28: Департамент здравоохранения Томской области | E28: 07WД15365Р | F28: =G28+H28+I28 -> 78500 | G28: 1570 | H28: 76930 | J28: =K28+L28+M28 -> 0 | N28: =O28+P28+Q28 -> 74703.8 | O28: 1494.1 | P28: 73209.7 | R28: =S28+T28+U28 -> 102000 | S28: 2040 | T28: 99960 | V28: =J28/F28 -> 0
B29: Реализация региональных проектов модернизации первичного звена здравоохранения без софинансирования из федерального бюджета (капитальный ремонт зданий медицинских организаций) | C29: 821 | D29: Департамент строительства Томской области | E29: 07WД1А3651 | F29: =G29+H29+I29 -> 8788.9 | G29: 8788.89 | H29: 0 | J29: =K29+L29+M29 -> 2623.3 | K29: 2623.28 | L29: 0 | N29: =O29+P29+Q29 -> 0 | R29: =S29+T29+U29 -> 0 | V29: =J29/F29 -> 0.298
B30: Реализация региональных проектов модернизации первичного звена здравоохранения без софинансирования из федерального бюджета (строительство объектов капитального строительства медицинских организаций) | C30: 821 | D30: Департамент строительства Томской области | E30: 07WД1А365И | F30: =G30+H30+I30 -> 0 | G30: 0 | H30: 0 | J30: =K30+L30+M30 -> 0 | N30: =O30+P30+Q30 -> 0 | O30: 0 | P30: 0 | R30: =S30+T30+U30 -> 0 | S30: 0 | T30: 0 | V30: =J30/F30 -> #DIV/0!
B31: Реализация региональных проектов модернизации первичного звена здравоохранения без софинансирования из федерального бюджета (реализация национальных проектов в части расходов инвестиционного характера за счет средств, высвобождаемых в результате списания задолженности областного бюджета по бюджетным кредитам, предоставляемым из федерального бюджета) | C31: 811 | D31: Департамент здравоохранения Томской области | E31: 07WД1А365Р | F31: =G31+H31+I31 -> 424785.1 | G31: 424785.1 | H31: 0 | J31: =K31+L31+M31 -> 0 | K31: 0 | L31: 0 | N31: =O31+P31+Q31 -> 0 | R31: =S31+T31+U31 -> 0 | V31: =J31/F31 -> 0
B32: Реализация региональных проектов модернизации первичного звена здравоохранения без софинансирования из федерального бюджета (реализация национальных проектов в части расходов инвестиционного характера за счет средств, высвобождаемых в результате списания задолженности областного бюджета по бюджетным кредитам, предоставляемым из федерального бюджета) | C32: 821 | D32: Департамент строительства Томской области | E32: 07WД1А365Р | F32: =G32+H32+I32 -> 205474 | G32: 205474 | H32: 0 | J32: =K32+L32+M32 -> 4321.3 | K32: 4321.3 | L32: 0 | N32: =O32+P32+Q32 -> 0 | O32: 0 | P32: 0 | R32: =S32+T32+U32 -> 0 | S32: 0 | T32: 0 | V32: =J32/F32 -> 0.021
A33: 2.2 | B33: Региональный проект "Борьба с сердечно-сосудистыми заболеваниями", всего | C33: Х | D33: Х | E33: Х | F33: =G33+H33+I33 -> 76718.3 | G33: =SUM(G35:G35) -> 1534.4 | H33: =SUM(H35:H35) -> 75183.9 | I33: =SUM(I35:I35) -> 0 | J33: =K33+L33+M33 -> 26717.3 | K33: =SUM(K35:K35) -> 534.3 | L33: =SUM(L35:L35) -> 26183 | M33: =SUM(M35:M35) -> 0 | N33: =O33+P33+Q33 -> 77868.9 | O33: =SUM(O35:O35) -> 1557.4 | P33: =SUM(P35:P35) -> 76311.5 | Q33: =SUM(Q35:Q35) -> 0 | R33: =S33+T33+U33 -> 78693.1 | S33: =SUM(S35:S35) -> 1573.9 | T33: =SUM(T35:T35) -> 77119.2 | U33: =SUM(U35:U35) -> 0 | V33: =J33/F33 -> 0.348
B34: из них
B35: Обеспечение профилактики развития сердечно-сосудистых заболеваний и сердечно-сосудистых осложнений у пациентов высокого риска, находящихся на диспансерном наблюдении | C35: 811 | D35: Департамент здравоохранения Томской области | E35: 07WД255860 | F35: =G35+H35+I35 -> 76718.3 | G35: 1534.4 | H35: 75183.9 | J35: =SUM(K35:M35) -> 26717.3 | K35: 534.3 | L35: 26182.97 | N35: =O35+P35+Q35 -> 77868.9 | O35: 1557.4 | P35: 76311.5 | R35: =S35+T35+U35 -> 78693.1 | S35: 1573.9 | T35: 77119.2 | V35: =J35/F35 -> 0.348
A36: 2.3 | B36: Региональный проект "Борьба с онкологическими заболеваниями" | C36: Х | D36: Х | E36: Х | F36: =G36+H36+I36 -> 72061.5 | G36: =SUM(G38:G38) -> 1441.2 | H36: =SUM(H38:H38) -> 70620.3 | I36: =SUM(I38:I38) -> 0 | J36: =K36+L36+M36 -> 0 | K36: =SUM(K38:K38) -> 0 | L36: =SUM(L38:L38) -> 0 | M36: =SUM(M38:M38) -> 0 | N36: =O36+P36+Q36 -> 0 | O36: =SUM(O38:O38) -> 0 | P36: =SUM(P38:P38) -> 0 | Q36: =SUM(Q38:Q38) -> 0 | R36: =S36+T36+U36 -> 0 | S36: =SUM(S38:S38) -> 0 | T36: =SUM(T38:T38) -> 0 | U36: =SUM(U38:U38) -> 0 | V36: =J36/F36 -> 0
B37: из них
B38: Модернизация медицинских изделий и иного оборудования, дооснащение или переоснащение медицинскими изделиями и иным оборудованием существующих и (или) новых (организуемых) структурных подразделений региональных медицинских организаций, оказывающих медицинскую помощь с применением радиологических методов (диагностики и (или) терапии) | C38: 811 | D38: Департамент здравоохранения Томской области | E38: 07WД352660 | F38: =G38+H38+I38 -> 72061.5 | G38: 1441.2 | H38: 70620.3 | J38: =SUM(K38:M38) -> 0 | N38: =O38+P38+Q38 -> 0 | R38: =S38+T38+U38 -> 0 | V38: =J38/F38 -> 0
A39: 2.4 | B39: Региональный проект "Борьба с сахарным диабетом" | C39: Х | D39: Х | E39: Х | F39: =G39+H39+I39 -> 53587.7 | G39: =SUM(G41:G43) -> 1071.8 | H39: =SUM(H41:H43) -> 52515.9 | I39: =SUM(I41:I43) -> 0 | J39: =SUM(J41:J41) -> 0 | K39: =SUM(K41:K43) -> 0 | L39: =SUM(L41:L43) -> 0 | M39: =SUM(M41:M43) -> 0 | N39: =SUM(N41:N41) -> 0 | O39: =SUM(O41:O43) -> 0 | P39: =SUM(P41:P43) -> 0 | Q39: =SUM(Q41:Q43) -> 0 | R39: =SUM(R41:R41) -> 0 | S39: =SUM(S41:S43) -> 0 | T39: =SUM(T41:T43) -> 0 | U39: =SUM(U41:U43) -> 0 | V39: =J39/F39 -> 0
B40: из них
B41: Обеспечение детей с сахарным диабетом 1 типа в возрасте от 2-х до 17-ти лет включительно системами непрерывного мониторинга глюкозы | C41: 811 | D41: Департамент здравоохранения Томской области | E41: 07WД451070 | F41: =G41+H41+I41 -> 24369.4 | G41: 487.4 | H41: 23882 | J41: =K41+L41+M41 -> 0 | N41: =O41+P41+Q41 -> 0 | R41: =S41+T41+U41 -> 0 | V41: =J41/F41 -> 0
B42: Обеспечение беременных женщин с сахарным диабетом системами непрерывного мониторинга глюкозы | C42: 811 | D42: Департамент здравоохранения Томской области | E42: 07WД451520 | F42: =G42+H42+I42 -> 18925.2 | G42: 378.5 | H42: 18546.7 | J42: =K42+L42+M42 -> 0 | N42: =O42+P42+Q42 -> 0 | R42: =S42+T42+U42 -> 0 | V42: =J42/F42 -> 0
B43: Оснащение региональных, межрайонных (районных) центров, оказывающих медицинскую помощь больным с нарушениями углеводного обмена и сахарным диабетом | C43: 811 | D43: Департамент здравоохранения Томской области | E43: 07WД451580 | F43: =G43+H43+I43 -> 10293.1 | G43: 205.9 | H43: 10087.2 | J43: =K43+L43+M43 -> 0 | N43: =O43+P43+Q43 -> 0 | R43: =S43+T43+U43 -> 0 | V43: =J43/F43 -> 0
A44: 2.5 | B44: Региональный проект "Борьба с гепатитом С и минимизация рисков распространения данного заболевания" | C44: Х | D44: Х | E44: Х | F44: =G44+H44+I44 -> 28801.5 | G44: =SUM(G46:G46) -> 576 | H44: =SUM(H46:H46) -> 28225.5 | I44: =SUM(I46:I46) -> 0 | J44: =K44+L44+M44 -> 0 | K44: =K46 -> 0 | L44: =L46 -> 0 | M44: =M46 -> 0 | N44: =O44+P44+Q44 -> 29435.2 | O44: =SUM(O46:O46) -> 588.7 | P44: =SUM(P46:P46) -> 28846.5 | Q44: =SUM(Q46:Q46) -> 0 | R44: =S44+T44+U44 -> 29943.4 | S44: =SUM(S46:S46) -> 598.9 | T44: =SUM(T46:T46) -> 29344.5 | U44: =SUM(U46:U46) -> 0 | V44: =J44/F44 -> 0
B45: из них
B46: Реализация мероприятий по обеспечению в амбулаторных условиях противовирусными лекарственными препаратами лиц, находящихся под диспансерным наблюдением, с диагнозом "хронический вирусный гепатит C" | C46: 811 | D46: Департамент здравоохранения Томской области | E46: 07WД552140 | F46: =G46+H46+I46 -> 28801.5 | G46: 576 | H46: 28225.5 | J46: =K46+L46+M46 -> 0 | N46: =O46+P46+Q46 -> 29435.2 | O46: 588.7 | P46: 28846.5 | R46: =S46+T46+U46 -> 29943.4 | S46: 598.9 | T46: 29344.5 | V46: =J46/F46 -> 0
A47: 2.6 | B47: Региональный проект "Совершенствование экстренной медицинской помощи" | C47: Х | D47: Х | E47: Х | F47: =G47+H47+I47 -> 472953.3 | G47: =SUM(G49:G50) -> 328250.6 | H47: =SUM(H49:H50) -> 144702.7 | I47: =SUM(I49:I50) -> 0 | J47: =K47+L47+M47 -> 50000 | K47: =SUM(K49:K50) -> 50000 | L47: =SUM(L49:L50) -> 0 | M47: =SUM(M49:M50) -> 0 | N47: =O47+P47+Q47 -> 437681.1 | O47: =SUM(O49:O50) -> 285498.5 | P47: =SUM(P49:P50) -> 152182.6 | Q47: =SUM(Q49:Q50) -> 0 | R47: =S47+T47+U47 -> 469346.1 | S47: =SUM(S49:S50) -> 311401 | T47: =SUM(T49:T50) -> 157945.1 | U47: =SUM(U49:U50) -> 0 | V47: =J47/F47 -> 0.106
B48: из них
B49: Обеспечение закупки авиационных работ в целях оказания медицинской помощи | C49: 811 | D49: Департамент здравоохранения Томской области | E49: 07WД655540 | F49: =G49+H49+I49 -> 385083.5 | G49: 240380.8 | H49: 144702.7 | J49: =SUM(K49:M49) -> 0 | N49: =O49+P49+Q49 -> 426259.6 | O49: 274077 | P49: 152182.6 | R49: =S49+T49+U49 -> 457924.6 | S49: 299979.5 | T49: 157945.1 | V49: =J49/F49 -> 0
B50: Оказание медицинской помощи с применением санитарной авиации | C50: 811 | D50: Департамент здравоохранения Томской области | E50: 07WД6Д5540 | F50: =G50+H50+I50 -> 87869.8 | G50: 87869.8 | H50: 0 | J50: =SUM(K50:M50) -> 50000 | K50: 50000 | L50: 0 | N50: =O50+P50+Q50 -> 11421.5 | O50: 11421.5 | P50: 0 | R50: =S50+T50+U50 -> 11421.5 | S50: 11421.5 | T50: 0 | V50: =J50/F50 -> 0.569
A51: 2.7 | B51: Региональный проект "Оптимальная для восстановления здоровья медицинская реабилитация" | C51: Х | D51: Х | E51: Х | F51: =G51+H51+I51 -> 17993.7 | G51: =G53 -> 359.9 | H51: =H53 -> 17633.8 | I51: =I53 -> 0 | J51: =SUM(K51:M51) -> 0 | K51: =K53 -> 0 | L51: =L53 -> 0 | M51: =M53 -> 0 | N51: =O51+P51+Q51 -> 47939.3 | O51: =O53 -> 958.8 | P51: =P53 -> 46980.5 | Q51: =Q53 -> 0 | R51: =S51+T51+U51 -> 0 | S51: =S53 -> 0 | T51: =T53 -> 0 | U51: =U53 -> 0 | V51: =J51/F51 -> 0
B52: из них
B53: Оснащение (дооснащение и (или) переоснащение) медицинскими изделиями медицинских организаций, имеющих в своей структуре подразделения, оказывающие медицинскую помощь по медицинской реабилитации | C53: 811 | D53: Департамент здравоохранения Томской области | E53: 07WД757520 | F53: =G53+H53+I53 -> 17993.7 | G53: 359.9 | H53: 17633.8 | J53: =SUM(K53:M53) -> 0 | N53: =O53+P53+Q53 -> 47939.3 | O53: 958.8 | P53: 46980.5 | R53: =S53+T53+U53 -> 0 | V53: =J53/F53 -> 0
A54: 2.8 | B54: Региональный проект "Здоровье для каждого" | C54: Х | D54: Х | E54: Х | F54: =G54+H54+I54 -> 2747.3 | G54: =G56 -> 54.9 | H54: =H56 -> 2692.4 | I54: =I56 -> 0 | J54: =SUM(K54:M54) -> 0 | K54: =K56 -> 0 | L54: =L56 -> 0 | M54: =M56 -> 0 | N54: =O54+P54+Q54 -> 2294.3 | O54: =O56 -> 45.9 | P54: =P56 -> 2248.4 | Q54: =Q56 -> 0 | R54: =S54+T54+U54 -> 0 | S54: =S56 -> 0 | T54: =T56 -> 0 | U54: =U56 -> 0 | V54: =J54/F54 -> 0
B55: из них
B56: Организация центров здоровья для взрослых на базе отделений (кабинетов) медицинской профилактики в центральных районных и районных больницах, в том числе в удаленных населенных пунктах, а также оснащение (дооснащение) оборудованием для выявления и коррекции факторов риска развития хронических неинфекционных заболеваний | C56: 811 | D56: Департамент здравоохранения Томской области | E56: 07WДА55460 | F56: =G56+H56+I56 -> 2747.3 | G56: 54.9 | H56: 2692.4 | J56: =SUM(K56:M56) -> 0 | N56: =O56+P56+Q56 -> 2294.3 | O56: 45.9 | P56: 2248.4 | R56: =S56+T56+U56 -> 0 | V56: =J56/F56 -> 0
A57: 3 | B57: Национальный проект "Молодежь и дети" | C57: Х | D57: Х | E57: Х | F57: =G57+H57+I57 -> 5201537.9 | G57: =G58+G71+G80 -> 1061882.6 | H57: =H58+H71+H80 -> 4075715.6 | I57: =I58+I71+I80 -> 63939.7 | J57: =K57+L57+M57 -> 176977.2 | K57: =K58+K71+K80 -> 1611.8 | L57: =L58+L71+L80 -> 175365.4 | M57: =M58+M71+M80 -> 0 | N57: =O57+P57+Q57 -> 3394938.1 | O57: =O58+O71+O80 -> 805657.1 | P57: =P58+P71+P80 -> 2584927.5 | Q57: =Q58+Q71+Q80 -> 4353.5 | R57: =S57+T57+U57 -> 1345143.1 | S57: =S58+S71+S80 -> 3112 | T57: =T58+T71+T80 -> 1342031.1 | U57: =U58+U71+U80 -> 0 | V57: =J57/F57 -> 0.034
A58: 3.1 | B58: Региональный проект "Все лучшее детям" | C58: Х | D58: Х | E58: Х | F58: =G58+H58+I58 -> 3853926.2 | G58: =SUM(G60:G70) -> 1057701.2 | H58: =SUM(H60:H70) -> 2732285.3 | I58: =SUM(I60:I70) -> 63939.7 | J58: =K58+L58+M58 -> 1501.7 | K58: =SUM(K60:K70) -> 1501.7 | L58: =SUM(L60:L70) -> 0 | M58: =SUM(M60:M70) -> 0 | N58: =O58+P58+Q58 -> 1777553.1 | O58: =SUM(O60:O70) -> 795938.2 | P58: =SUM(P60:P70) -> 977261.4 | Q58: =SUM(Q60:Q70) -> 4353.5 | R58: =SUM(R60:R70) -> 0 | S58: =SUM(S60:S70) -> 0 | T58: =SUM(T60:T70) -> 0 | U58: =SUM(U60:U70) -> 0 | V58: =J58/F58 -> 0
B59: из них
B60: Адресное строительство школ в отдельных населенных пунктах с объективно выявленной потребностью инфраструктуры (зданий) школ (реализация национальных проектов в части расходов инвестиционного характера за счет средств, высвобождаемых в результате списания задолженности областного бюджета по бюджетным кредитам, предоставляемым из федерального бюджета) | C60: 821 | D60: Департамент строительства Томской области | E60: 09WЮ45049Р | F60: =G60+H60+I60 -> 502948.3 | G60: 10047.8 | H60: 492341.7 | I60: 558.8 | J60: =K60+L60+M60 -> 0 | N60: =O60+P60+Q60 -> 513536.3 | O60: 10260.5 | P60: 502762.3 | Q60: 513.5 | R60: =S60+T60+U60 -> 0 | V60: =J60/F60 -> 0
B61: Оснащение общеобразовательных организаций средствами обучения и воспитания для реализации учебных предметов | C61: 816 | D61: Департамент образования Томской области | E61: 09WЮ455590 | F61: =G61+H61+I61 -> 28576.4 | G61: 571.5 | H61: 28004.9 | J61: =K61+L61+M61 -> 0 | N61: =O61+P61+Q61 -> 0 | O61: 0 | P61: 0 | R61: =S61+T61+U61 -> 0 | V61: =J61/F61 -> 0
B62: Реализация мероприятий по модернизации школьных систем образования (оснащение отремонтированных зданий и (или) помещений государственных и муниципальных общеобразовательных организаций современными средствами обучения и воспитания) | C62: 816 | D62: Департамент образования Томской области | E62: 09WЮ457501 | F62: =G62+H62+I62 -> 229392.9 | G62: 25213.5 | H62: 204000 | I62: 179.4 | J62: =K62+L62+M62 -> 0 | N62: =O62+P62+Q62 -> 47791 | O62: 5252.9 | P62: 42500 | Q62: 38.1 | R62: =S62+T62+U62 -> 0 | V62: =J62/F62 -> 0
B63: Реализация мероприятий по модернизации школьных систем образования (проведение капитального ремонта зданий (обособленных помещений) государственных (муниципальных) общеобразовательных организаций) | C63: 821 | D63: Департамент строительства Томской области | E63: 09WЮ457502 | F63: =G63+H63+I63 -> 2307729.9 | G63: 248172.2 | H63: 2007938.7 | I63: 51619 | J63: =K63+L63+M63 -> 0 | N63: =O63+P63+Q63 -> 485716.6 | O63: 53393.1 | P63: 431999.1 | Q63: 324.4 | R63: =S63+T63+U63 -> 0 | V63: =J63/F63 -> 0
B64: Оснащение зданий средствами обучения и воспитания для размещения общеобразовательных организаций | C64: 816 | D64: Департамент образования Томской области | E64: 09WЮ4А0491 | F64: =G64+H64+I64 -> 0 | G64: 0 | H64: 0 | J64: =K64+L64+M64 -> 0 | N64: =O64+P64+Q64 -> 50000 | O64: 50000 | P64: 0 | R64: =S64+T64+U64 -> 0 | V64: =J64/F64 -> #DIV/0!
B65: Оснащение зданий для размещения общеобразовательных организаций оборудованием, предусмотренным проектной документацией | C65: 816 | D65: Департамент образования Томской области | E65: 09WЮ4А0492 | F65: =G65+H65+I65 -> 0 | G65: 0 | H65: 0 | J65: =K65+L65+M65 -> 0 | N65: =O65+P65+Q65 -> 108726.2 | O65: 108726.2 | P65: 0 | R65: =S65+T65+U65 -> 0 | V65: =J65/F65 -> #DIV/0!
B66: Адресное строительство школ в отдельных населенных пунктах с объективно выявленной потребностью инфраструктуры (зданий) школ без софинансирования из федерального бюджета (реализация национальных проектов в части расходов инвестиционного характера за счет средств, высвобождаемых в результате списания задолженности областного бюджета по бюджетным кредитам, предоставляемым из федерального бюджета) | C66: 821 | D66: Департамент строительства Томской области | E66: 09WЮ4А049Р | F66: =G66+H66+I66 -> 481493.8 | G66: 480925.5 | H66: 0 | I66: 568.3 | J66: =K66+L66+M66 -> 0 | N66: =O66+P66+Q66 -> 568318.3 | O66: 567750 | P66: 0 | Q66: 568.3 | R66: =S66+T66+U66 -> 0 | V66: =J66/F66 -> 0
B67: Реализация мероприятий по модернизации школьных систем образования в части средств, несофинансируемых из федерального бюджета (оснащение отремонтированных зданий и (или) помещений государственных и муниципальных общеобразовательных организаций современными средствами обучения и воспитания) | C67: 816 | D67: Департамент образования Томской области | E67: 09WЮ4А7501 | F67: =G67+H67+I67 -> 0 | I67: 0 | J67: =K67+L67+M67 -> 0 | N67: =O67+P67+Q67 -> 0 | Q67: 0 | R67: =S67+T67+U67 -> 0 | V67: =J67/F67 -> #DIV/0!
B68: Реализация мероприятий по модернизации школьных систем образования без софинансирования из федерального бюджета (проведение капитального ремонта зданий (обособленных помещений) государственных (муниципальных) общеобразовательных организаций) | C68: 821 | D68: Департамент строительства Томской области | E68: 09WЮ4А7502 | F68: =G68+H68+I68 -> 187751.2 | G68: 184244.04 | H68: 0 | I68: 3507.2 | J68: =K68+L68+M68 -> 1501.7 | K68: 1501.7 | L68: 0 | N68: =O68+P68+Q68 -> 2909.3 | O68: 0.18 | P68: 0 | Q68: 2909.1 | R68: =S68+T68+U68 -> 0 | V68: =J68/F68 -> 0.008
B69: Повышение квалификации школьных команд общеобразовательных организаций | C69: 816 | D69: Департамент образования Томской области | E69: 09WЮ4А7503 | F69: =G69+H69+I69 -> 1524.2 | G69: 1522.9 | H69: 0 | I69: 1.3 | J69: =K69+L69+M69 -> 0 | N69: =O69+P69+Q69 -> 555.4 | O69: 555.3 | P69: 0 | Q69: 0.1 | R69: =S69+T69+U69 -> 0 | V69: =J69/F69 -> 0
B70: Обеспечение антитеррористической защиты отремонтированных зданий общеобразовательных организаций | C70: 816 | D70: Департамент образования Томской области | E70: 09WЮ4А7504 | F70: =G70+H70+I70 -> 114509.5 | G70: 107003.8 | H70: 0 | I70: 7505.7 | J70: =K70+L70+M70 -> 0 | N70: =O70+P70+Q70 -> 0 | O70: 0 | P70: 0 | Q70: 0 | R70: =S70+T70+U70 -> 0 | V70: =J70/F70 -> 0
A71: 3.2 | B71: Региональный проект "Педагоги и наставники" | C71: Х | D71: Х | E71: Х | F71: =G71+H71+I71 -> 1347611.7 | G71: =SUM(G73:G79) -> 4181.4 | H71: =SUM(H73:H79) -> 1343430.3 | I71: =SUM(I73:I79) -> 0 | J71: =K71+L71+M71 -> 175475.5 | K71: =SUM(K73:K79) -> 110.1 | L71: =SUM(L73:L79) -> 175365.4 | M71: =SUM(M73:M79) -> 0 | N71: =O71+P71+Q71 -> 1362879.2 | O71: =SUM(O73:O79) -> 4628.7 | P71: =SUM(P73:P79) -> 1358250.5 | Q71: =SUM(Q73:Q79) -> 0 | R71: =S71+T71+U71 -> 1345143.1 | S71: =SUM(S73:S79) -> 3112 | T71: =SUM(T73:T79) -> 1342031.1 | U71: =SUM(U73:U79) -> 0 | V71: =J71/F71 -> 0.13
B72: из них
B73: Обеспечение выплат ежемесячного денежного вознаграждения советникам директоров по воспитанию и взаимодействию с детскими общественными объединениями государственных общеобразовательных организаций, профессиональных образовательных организаций субъектов Российской Федерации, города Байконура и федеральной территории "Сириус", муниципальных общеобразовательных организаций и профессиональных образовательных организаций | C73: 814 | D73: Департамент по культуре Томской области | E73: 09WЮ650500 | F73: =G73+H73+I73 -> 203.1 | G73: 0 | H73: 203.1 | J73: =K73+L73+M73 -> 33.9 | K73: 0 | L73: 33.85 | N73: =O73+P73+Q73 -> 203.1 | O73: 0 | P73: 203.1 | R73: =S73+T73+U73 -> 203.1 | S73: 0 | T73: 203.1 | V73: =J73/F73 -> 0.167
B74: Обеспечение выплат ежемесячного денежного вознаграждения советникам директоров по воспитанию и взаимодействию с детскими общественными объединениями государственных общеобразовательных организаций, профессиональных образовательных организаций субъектов Российской Федерации, города Байконура и федеральной территории "Сириус", муниципальных общеобразовательных организаций и профессиональных образовательных организаций | C74: 816 | D74: Департамент образования Томской области | E74: 09WЮ650500 | F74: =G74+H74+I74 -> 34940.6 | G74: 0 | H74: 34940.6 | J74: =K74+L74+M74 -> 2966.7 | K74: 0 | L74: 2966.68 | N74: =O74+P74+Q74 -> 41493.5 | O74: 0 | P74: 41493.5 | R74: =S74+T74+U74 -> 41470.5 | S74: 0 | T74: 41470.5 | V74: =J74/F74 -> 0.085
B75: Проведение мероприятий по обеспечению деятельности советников директора по воспитанию и взаимодействию с детскими общественными объединениями в общеобразовательных организациях | C75: 816 | D75: Департамент образования Томской области | E75: 09WЮ651790 | F75: =G75+H75+I75 -> 82570.2 | G75: 1651.4 | H75: 80918.8 | J75: =K75+L75+M75 -> 5506.4 | K75: 110.1 | L75: 5396.31 | N75: =O75+P75+Q75 -> 93935.6 | O75: 1878.7 | P75: 92056.9 | R75: =S75+T75+U75 -> 95099.9 | S75: 1902 | T75: 93197.9 | V75: =J75/F75 -> 0.067
B76: Обеспечение реализации мероприятий по осуществлению единовременных компенсационных выплат учителям, прибывшим (переехавшим) на работу в сельские населенные пункты, либо рабочие поселки, либо поселки городского типа, либо города с населением до 50 тысяч человек | C76: 816 | D76: Департамент образования Томской области | E76: 09WЮ652560 | F76: =G76+H76+I76 -> 23000 | G76: 2530 | H76: 20470 | J76: =K76+L76+M76 -> 0 | N76: =O76+P76+Q76 -> 25000 | O76: 2750 | P76: 22250 | R76: =S76+T76+U76 -> 11000 | S76: 1210 | T76: 9790 | V76: =J76/F76 -> 0
B77: Ежемесячное денежное вознаграждение за классное руководство педагогическим работникам государственных и муниципальных образовательных организаций, реализующих образовательные программы начального общего образования, образовательные программы основного общего образования, образовательные программы среднего общего образования | C77: 816 | D77: Департамент образования Томской области | E77: 09WЮ653030 | F77: =G77+H77+I77 -> 1089497.5 | G77: 0 | H77: 1089497.5 | J77: =SUM(K77:M77) -> 147243.2 | K77: 0 | L77: 147243.22 | N77: =O77+P77+Q77 -> 1084166.2 | O77: 0 | P77: 1084166.2 | R77: =S77+T77+U77 -> 1082011 | S77: 0 | T77: 1082011 | V77: =J77/F77 -> 0.135
B78: Ежемесячное денежное вознаграждение за классное руководство (кураторство) педагогическим работникам государственных образовательных организаций субъектов Российской Федерации и города Байконура, муниципальных образовательных организаций, реализующих образовательные программы среднего профессионального образования, в том числе программы профессионального обучения для лиц с ограниченными возможностями здоровья | C78: 814 | D78: Департамент по культуре Томской области | E78: 09WЮ653630 | F78: =G78+H78+I78 -> 7413.6 | G78: 0 | H78: 7413.6 | J78: =SUM(K78:M78) -> 1218.7 | K78: 0 | L78: 1218.67 | N78: =O78+P78+Q78 -> 7616.7 | O78: 0 | P78: 7616.7 | R78: =S78+T78+U78 -> 7616.7 | S78: 0 | T78: 7616.7 | V78: =J78/F78 -> 0.164
B79: Ежемесячное денежное вознаграждение за классное руководство (кураторство) педагогическим работникам государственных образовательных организаций субъектов Российской Федерации и города Байконура, муниципальных образовательных организаций, реализующих образовательные программы среднего профессионального образования, в том числе программы профессионального обучения для лиц с ограниченными возможностями здоровья | C79: 816 | D79: Департамент образования Томской области | E79: 09WЮ653630 | F79: =G79+H79+I79 -> 109986.7 | G79: 0 | H79: 109986.7 | J79: =SUM(K79:M79) -> 18506.6 | K79: 0 | L79: 18506.63 | N79: =O79+P79+Q79 -> 110464.1 | O79: 0 | P79: 110464.1 | R79: =S79+T79+U79 -> 107741.9 | S79: 0 | T79: 107741.9 | V79: =J79/F79 -> 0.168
A80: 3.3 | B80: Региональный проект "Профессионалитет" | C80: Х | D80: Х | E80: Х | F80: =G80+H80+I80 -> 0 | G80: =G82 -> 0 | H80: =H82 -> 0 | I80: =I82 -> 0 | J80: =SUM(K80:M80) -> 0 | K80: =K82 -> 0 | L80: =L82 -> 0 | M80: =M82 -> 0 | N80: =O80+P80+Q80 -> 254505.8 | O80: =O82 -> 5090.2 | P80: =P82 -> 249415.6 | Q80: =Q82 -> 0 | R80: =S80+T80+U80 -> 0 | S80: =S82 -> 0 | T80: =T82 -> 0 | U80: =U82 -> 0 | V80: =J80/F80 -> #DIV/0!
B81: из них | R81: =S81+T81+U81 -> 0
B82: Преобразование учебных корпусов и общежитий колледжей как неотъемлемой части учебно-производственного комплекса | C82: 821 | D82: Департамент строительства Томской области | E82: 09WЮ950520 | F82: =G82+H82+I82 -> 0 | J82: =SUM(K82:M82) -> 0 | N82: =O82+P82+Q82 -> 254505.8 | O82: 5090.2 | P82: 249415.6 | R82: =S82+T82+U82 -> 0 | V82: =J82/F82 -> #DIV/0!
A83: 4 | B83: Национальный проект "Экономика данных и цифровая трансформация государства" | C83: Х | D83: Х | E83: Х | F83: =G83+H83+I83 -> 133170.3 | G83: =G89+G84 -> 78441.9 | H83: =H89+H84 -> 54728.4 | I83: =I89+I84 -> 0 | J83: =K83+L83+M83 -> 73592.7 | K83: =K89+K84 -> 73592.7 | L83: =L89+L84 -> 0 | M83: =M89+M84 -> 0 | N83: =O83+P83+Q83 -> 230408.4 | O83: =O89+O84 -> 80903.5 | P83: =P89+P84 -> 149504.9 | Q83: =Q89+Q84 -> 0 | R83: =S83+T83+U83 -> 220046.7 | S83: =S89+S84 -> 4411.5 | T83: =T89+T84 -> 215635.2 | U83: =U89+U84 -> 0 | V83: =J83/F83 -> 0.553
A84: 4.1 | B84: Региональный проект "Цифровые платформы в отраслях социальной сферы" | C84: Х | D84: Х | E84: Х | F84: =G84+H84+I84 -> 119916.5 | G84: =G87+G86+G88 -> 78176.8 | H84: =H87+H86+H88 -> 41739.7 | I84: =I87+I86+I88 -> 0 | J84: =K84+L84+M84 -> 73592.7 | K84: =K87+K86+K88 -> 73592.7 | L84: =L87+L86+L88 -> 0 | M84: =M87+M86+M88 -> 0 | N84: =O84+P84+Q84 -> 230408.4 | O84: =O87+O86+O88 -> 80903.5 | P84: =P87+P86+P88 -> 149504.9 | Q84: =Q87+Q86+Q88 -> 0 | R84: =R87+R86+R88 -> 49389.4 | S84: =S87+S86+S88 -> 4411.5 | T84: =T87+T86+T88 -> 215635.2 | U84: =U87+U86+U88 -> 0 | V84: =J84/F84 -> 0.614
B85: из них
B86: Обеспечение зданий государственных (муниципальных) общеобразовательных организаций и организаций среднего профессионального образования высокоскоростным доступом к сети "Интернет" | C86: 816 | D86: Департамент образования Томской области | E86: 09WЦ204970 | F86: =G86+H86+I86 -> 77311.1 | G86: 77311.1 | H86: 0 | J86: =K86+L86+M86 -> 73592.7 | K86: 73592.7 | L86: 0 | N86: =O86+P86+Q86 -> 77843.4 | O86: 77843.4 | P86: 0 | R86: =R89+R88+R90 -> 24694.7 | S86: 0 | T86: 0 | V86: =J86/F86 -> 0.952
B87: Формирование ИТ-инфраструктуры в государственных и муниципальных образовательных организациях для обеспечения в помещениях безопасного доступа к государственным, муниципальным и иным информационным системам, а также к информационно-телекоммуникационной сети "Интернет" | C87: 816 | D87: Департамент образования Томской области | E87: 09WЦ255450 | F87: =G87+H87+I87 -> 42605.4 | G87: 865.72 | H87: 41739.7 | J87: =K87+L87+M87 -> 0 | N87: =O87+P87+Q87 -> 87288.3 | O87: 1754.61 | P87: 85533.7 | R87: =R90+R89+R91 -> 0 | S87: 2963.33 | T87: 144672.3 | V87: =J87/F87 -> 0
B88: Обеспечение образовательных организаций планшетными компьютерами для работы учителей с электронными журналами и электронным образовательным контентом | C88: 816 | D88: Департамент образования Томской области | E88: 09WЦ255520 | F88: =G88+H88+I88 -> 0 | G88: 0 | H88: 0 | J88: =K88+L88+M88 -> 0 | N88: =O88+P88+Q88 -> 65276.7 | O88: 1305.5 | P88: 63971.2 | R88: =R91+R90+R92 -> 24694.7 | S88: 1448.2 | T88: 70962.9 | V88: =J88/F88 -> #DIV/0!
A89: 4.2 | B89: Региональный проект "Цифровое государственное управление" | C89: Х | D89: Х | E89: Х | F89: =G89+H89+I89 -> 13253.8 | G89: =SUM(G91:G91) -> 265.1 | H89: =SUM(H91:H91) -> 12988.7 | I89: =SUM(I91:I91) -> 0 | J89: =SUM(J91:J91) -> 0 | K89: =SUM(K91:K91) -> 0 | L89: =SUM(L91:L91) -> 0 | M89: =SUM(M91:M91) -> 0 | N89: =O89+P89+Q89 -> 0 | O89: =SUM(O91:O91) -> 0 | P89: =SUM(P91:P91) -> 0 | Q89: =SUM(Q91:Q91) -> 0 | R89: =S89+T89+U89 -> 0 | S89: =SUM(S91:S91) -> 0 | T89: =SUM(T91:T91) -> 0 | U89: =SUM(U91:U91) -> 0 | V89: =J89/F89 -> 0
B90: из них
B91: Развитие региональных информационных систем в целях интеграции с витриной данных органов государственной власти и органов управления государственными внебюджетными фондами | C91: 804 | D91: Администрация Томской области | E91: 20WЦ455440 | F91: =G91+H91+I91 -> 13253.8 | G91: 265.1 | H91: 12988.7 | J91: =SUM(K91:M91) -> 0 | N91: =O91+P91+Q91 -> 0 | R91: =S91+T91+U91 -> 0 | V91: =J91/F91 -> 0
A92: 5 | B92: Национальный проект "Экологическое благополучие" | C92: Х | D92: Х | E92: Х | F92: =G92+H92+I92 -> 15242.9 | G92: =G96+G93 -> 0 | H92: =H96+H93 -> 15242.9 | I92: =I96+I93 -> 0 | J92: =K92+L92+M92 -> 0 | K92: =K93+K96 -> 0 | L92: =L93+L96 -> 0 | M92: =M93+M96 -> 0 | N92: =O92+P92+Q92 -> 21016.2 | O92: =O93+O96 -> 0 | P92: =P93+P96 -> 21016.2 | Q92: =Q93+Q96 -> 0 | R92: =S92+T92+U92 -> 24694.7 | S92: =S93+S96 -> 0 | T92: =T93+T96 -> 24694.7 | U92: =U93+U96 -> 0 | V92: =J92/F92 -> 0
A93: 5.1 | B93: Региональный проект "Вода России" | C93: Х | D93: Х | E93: Х | F93: =G93+H93+I93 -> 0 | G93: =G95 -> 0 | H93: =H95 -> 0 | I93: =I95 -> 0 | J93: =K93+L93+M93 -> 0 | K93: =K95 -> 0 | L93: =L95 -> 0 | M93: =M95 -> 0 | N93: =O93+P93+Q93 -> 0 | O93: =O95 -> 0 | P93: =P95 -> 0 | Q93: =Q95 -> 0 | R93: =S93+T93+U93 -> 7000 | S93: =S95 -> 0 | T93: =T95 -> 7000 | U93: =U95 -> 0 | V93: =J93/F93 -> #DIV/0!
B94: из них
B95: Улучшение экологического состояния гидрографической сети | C95: 810 | D95: Департамент природных ресурсов и охраны окружающей среды Томской области | E95: 15WЧ550900 | F95: =G95+H95+I95 -> 0 | J95: =K95+L95+M95 -> 0 | N95: =O95+P95+Q95 -> 0 | R95: =S95+T95+U95 -> 7000 | S95: 0 | T95: 7000 | V95: =J95/F95 -> #DIV/0!
A96: 5.2 | B96: Региональный проект "Сохранение лесов" | C96: Х | D96: Х | E96: Х | F96: =G96+H96+I96 -> 15242.9 | G96: =G101+G98+G99+G100 -> 0 | H96: =H101+H98+H99+H100 -> 15242.9 | I96: =I101+I98+I99+I100 -> 0 | J96: =K96+L96+M96 -> 0 | K96: =K98+K101+K99+K100 -> 0 | L96: =L98+L101+L99+L100 -> 0 | M96: =M98+M101+M99+M100 -> 0 | N96: =O96+P96+Q96 -> 21016.2 | O96: =O101+O98+O99+O100 -> 0 | P96: =P101+P98+P99+P100 -> 21016.2 | Q96: =Q101+Q98+Q99+Q100 -> 0 | R96: =S96+T96+U96 -> 17694.7 | S96: =S101+S98+S99+S100 -> 0 | T96: =T101+T98+T99+T100 -> 17694.7 | U96: =U101+U98+U99+U100 -> 0 | V96: =J96/F96 -> 0
B97: из них
B98: Создание и развитие (модернизация) объектов лесного семеноводства и питомнических хозяйств | C98: 838 | D98: Департамент лесного хозяйства Томской области | E98: 15WЧ650630 | F98: =G98+H98+I98 -> 780.4 | G98: 0 | H98: 780.4 | J98: =K98+L98+M98 -> 0 | N98: =O98+P98+Q98 -> 11444.1 | O98: 0 | P98: 11444.1 | R98: =S98+T98+U98 -> 3398.4 | S98: 0 | T98: 3398.4 | V98: =J98/F98 -> 0
B99: Реализация мероприятий по уходу за лесными культурами | C99: 838 | D99: Департамент лесного хозяйства Томской области | E99: 15WЧ650690 | F99: =G99+H99+I99 -> 0 | G99: 0 | H99: 0 | J99: =K99+L99+M99 -> 0 | N99: =O99+P99+Q99 -> 4160.2 | O99: 0 | P99: 4160.2 | R99: =S99+T99+U99 -> 2004.5 | S99: 0 | T99: 2004.5 | V99: =J99/F99 -> #DIV/0!
B100: Проведение мероприятий по увеличению площади лесовосстановления на лесных участках, не переданных в аренду, в том числе вокруг городов и промышленных центров | C100: 838 | D100: Департамент лесного хозяйства Томской области | E100: 15WЧ654290 | F100: =G100+H100+I100 -> 8527 | G100: 0 | H100: 8527 | J100: =K100+L100+M100 -> 0 | N100: =O100+P100+Q100 -> 2046.1 | O100: 0 | P100: 2046.1 | R100: =S100+T100+U100 -> 2977.8 | S100: 0 | T100: 2977.8 | V100: =J100/F100 -> 0
B101: Приобретение специализированной пожарной техники в целях оснащения учреждений органов государственной власти субъектов Российской Федерации для проведения комплекса мероприятий по охране лесов от пожаров | C101: 838 | D101: Департамент лесного хозяйства Томской области | E101: 15WЧ654320 | F101: =G101+H101+I101 -> 5935.5 | G101: 0 | H101: 5935.5 | J101: =K101+L101+M101 -> 0 | N101: =O101+P101+Q101 -> 3365.8 | O101: 0 | P101: 3365.8 | R101: =S101+T101+U101 -> 9314 | S101: 0 | T101: 9314 | V101: =J101/F101 -> 0
A102: 6 | B102: Национальный проект "Инфраструктура для жизни" | C102: Х | D102: Х | E102: Х | F102: =G102+H102+I102 -> 8485749.8 | G102: =G103+G125+G113+G117+G121+G109+G130 -> 2556821.8 | H102: =H103+H125+H113+H117+H121+H109+H130 -> 5390694.3 | I102: =I103+I125+I113+I117+I121+I109+I130 -> 538233.7 | J102: =K102+L102+M102 -> 808175.9 | K102: =K103+K125+K113+K117+K121+K109+K130 -> 690669.2 | L102: =L103+L125+L113+L117+L121+L109+L130 -> 55516.4 | M102: =M103+M125+M113+M117+M121+M109+M130 -> 61990.3 | N102: =O102+P102+Q102 -> 8000026.6 | O102: =O103+O125+O113+O117+O121+O109+O130 -> 1943845.7 | P102: =P103+P125+P113+P117+P121+P109+P130 -> 5925381.8 | Q102: =Q103+Q125+Q113+Q117+Q121+Q109+Q130 -> 130799.1 | R102: =S102+T102+U102 -> 7935474.3 | S102: =S103+S125+S113+S117+S121+S109+S130 -> 2095442.1 | T102: =T103+T125+T113+T117+T121+T109+T130 -> 5771093.6 | U102: =U103+U125+U113+U117+U121+U109+U130 -> 68938.6 | V102: =J102/F102 -> 0.095
...

Sheet Лист4

Sheet Лист5

Sheet Лист6

Sheet Лист7

Sheet Лист2
A5: Информация о плановых ассигнованиях и кассовом исполнении расходов консолидированного бюджета Томской области на реализацию региональных проектов Томской области по состоянию на 01.02.2026 года
A8: № п/п | B8: Наименование | C8: 2026 год | K8: % исполнения
C9: Плановые ассигнования*, в том числе | G9: Кассовое исполнение, в том числе
C10: ИТОГО | D10: за счет средств областного бюджета | E10: за счет средств федерального бюджета | F10: за счет средств местных бюджетов** | G10: ИТОГО | H10: за счет средств областного бюджета | I10: за счет средств федерального бюджета | J10: за счет средств местных бюджетов**
A11: 1 | B11: 2 | C11: 6 | D11: 7 | E11: 8 | F11: 9 | G11: 10 | H11: 11 | I11: 12 | J11: 13 | K11: 22
B12: ВСЕГО: | C12: =Лист1!F12/1000 -> 17556.3 | D12: =Лист1!G12/1000 -> 5022 | E12: =Лист1!H12/1000 -> 11926.8 | F12: =Лист1!I12/1000 -> 607.5 | G12: =Лист1!J12/1000 -> 1327.6 | H12: =Лист1!K12/1000 -> 863.8 | I12: =Лист1!L12/1000 -> 401.7 | J12: =Лист1!M12/1000 -> 62 | K12: =G12/C12 -> 0.076
A13: 1 | B13: Национальный проект "Кадры" | C13: =Лист1!F13/1000 -> 27.1 | D13: =Лист1!G13/1000 -> 0.5 | E13: =Лист1!H13/1000 -> 26.6 | F13: =Лист1!I13/1000 -> 0 | G13: =Лист1!J13/1000 -> 0 | H13: =Лист1!K13/1000 -> 0 | I13: =Лист1!L13/1000 -> 0 | J13: =Лист1!M13/1000 -> 0 | K13: =G13/C13 -> 0
B14: из них | C14: =Лист1!F14/1000 -> 0 | D14: =Лист1!G14/1000 -> 0 | E14: =Лист1!H14/1000 -> 0 | F14: =Лист1!I14/1000 -> 0 | G14: =Лист1!J14/1000 -> 0 | H14: =Лист1!K14/1000 -> 0 | I14: =Лист1!L14/1000 -> 0 | J14: =Лист1!M14/1000 -> 0
A15: 1.1 | B15: Региональный проект "Образование для рынка труда" | C15: =Лист1!F15/1000 -> 10.4 | D15: =Лист1!G15/1000 -> 0.2 | E15: =Лист1!H15/1000 -> 10.2 | F15: =Лист1!I15/1000 -> 0 | G15: =Лист1!J15/1000 -> 0 | H15: =Лист1!K15/1000 -> 0 | I15: =Лист1!L15/1000 -> 0 | J15: =Лист1!M15/1000 -> 0 | K15: =G15/C15 -> 0
A16: 1.2 | B16: Региональный проект "Человек труда" | C16: =Лист1!F18/1000 -> 16.7 | D16: =Лист1!G18/1000 -> 0.3 | E16: =Лист1!H18/1000 -> 16.3 | F16: =Лист1!I18/1000 -> 0 | G16: =Лист1!J18/1000 -> 0 | H16: =Лист1!K18/1000 -> 0 | I16: =Лист1!L18/1000 -> 0 | J16: =Лист1!M18/1000 -> 0 | K16: =G16/C16 -> 0
A17: 2 | B17: Национальный проект "Продолжительная и активная жизнь" | C17: =Лист1!F21/1000 -> 1967.9 | D17: =Лист1!G21/1000 -> 984.4 | E17: =Лист1!H21/1000 -> 983.5 | F17: =Лист1!I21/1000 -> 0 | G17: =Лист1!J21/1000 -> 83.7 | H17: =Лист1!K21/1000 -> 57.5 | I17: =Лист1!L21/1000 -> 26.2 | J17: =Лист1!M21/1000 -> 0 | K17: =G17/C17 -> 0.043
A18: 2.1 | B18: Региональный проект "Модернизация первичного звена здравоохранения Российской Федерации" | C18: =Лист1!F22/1000 -> 1243 | D18: =Лист1!G22/1000 -> 651.1 | E18: =Лист1!H22/1000 -> 591.9 | F18: =Лист1!I22/1000 -> 0 | G18: =Лист1!J22/1000 -> 6.9 | H18: =Лист1!K22/1000 -> 6.9 | I18: =Лист1!L22/1000 -> 0 | J18: =Лист1!M22/1000 -> 0 | K18: =G18/C18 -> 0.006
A19: 2.2 | B19: Региональный проект "Борьба с сердечно-сосудистыми заболеваниями", всего | C19: =Лист1!F33/1000 -> 76.7 | D19: =Лист1!G33/1000 -> 1.5 | E19: =Лист1!H33/1000 -> 75.2 | F19: =Лист1!I33/1000 -> 0 | G19: =Лист1!J33/1000 -> 26.7 | H19: =Лист1!K33/1000 -> 0.5 | I19: =Лист1!L33/1000 -> 26.2 | J19: =Лист1!M33/1000 -> 0 | K19: =G19/C19 -> 0.348
A20: 2.3 | B20: Региональный проект "Борьба с онкологическими заболеваниями" | C20: =Лист1!F36/1000 -> 72.1 | D20: =Лист1!G36/1000 -> 1.4 | E20: =Лист1!H36/1000 -> 70.6 | F20: =Лист1!I36/1000 -> 0 | G20: =Лист1!J36/1000 -> 0 | H20: =Лист1!K36/1000 -> 0 | I20: =Лист1!L36/1000 -> 0 | J20: =Лист1!M36/1000 -> 0 | K20: =G20/C20 -> 0
A21: 2.4 | B21: Региональный проект "Борьба с сахарным диабетом" | C21: =Лист1!F39/1000 -> 53.6 | D21: =Лист1!G39/1000 -> 1.1 | E21: =Лист1!H39/1000 -> 52.5 | F21: =Лист1!I39/1000 -> 0 | G21: =Лист1!J39/1000 -> 0 | H21: =Лист1!K39/1000 -> 0 | I21: =Лист1!L39/1000 -> 0 | J21: =Лист1!M39/1000 -> 0 | K21: =G21/C21 -> 0
A22: 2.5 | B22: Региональный проект "Борьба с гепатитом С и минимизация рисков распространения данного заболевания" | C22: =Лист1!F44/1000 -> 28.8 | D22: =Лист1!G44/1000 -> 0.6 | E22: =Лист1!H44/1000 -> 28.2 | F22: =Лист1!I44/1000 -> 0 | G22: =Лист1!J44/1000 -> 0 | H22: =Лист1!K44/1000 -> 0 | I22: =Лист1!L44/1000 -> 0 | J22: =Лист1!M44/1000 -> 0 | K22: =G22/C22 -> 0
A23: 2.6 | B23: Региональный проект "Совершенствование экстренной медицинской помощи" | C23: =Лист1!F47/1000 -> 473 | D23: =Лист1!G47/1000 -> 328.3 | E23: =Лист1!H47/1000 -> 144.7 | F23: =Лист1!I47/1000 -> 0 | G23: =Лист1!J47/1000 -> 50 | H23: =Лист1!K47/1000 -> 50 | I23: =Лист1!L47/1000 -> 0 | J23: =Лист1!M47/1000 -> 0 | K23: =G23/C23 -> 0.106
A24: 2.7 | B24: Региональный проект "Оптимальная для восстановления здоровья медицинская реабилитация" | C24: =Лист1!F51/1000 -> 18 | D24: =Лист1!G51/1000 -> 0.4 | E24: =Лист1!H51/1000 -> 17.6 | F24: =Лист1!I51/1000 -> 0 | G24: =Лист1!J51/1000 -> 0 | H24: =Лист1!K51/1000 -> 0 | I24: =Лист1!L51/1000 -> 0 | J24: =Лист1!M51/1000 -> 0 | K24: =G24/C24 -> 0
A25: 2.8 | B25: Региональный проект "Здоровье для каждого" | C25: =Лист1!F54/1000 -> 2.7 | D25: =Лист1!G54/1000 -> 0.1 | E25: =Лист1!H54/1000 -> 2.7 | F25: =Лист1!I54/1000 -> 0 | G25: =Лист1!J54/1000 -> 0 | H25: =Лист1!K54/1000 -> 0 | I25: =Лист1!L54/1000 -> 0 | J25: =Лист1!M54/1000 -> 0 | K25: =G25/C25 -> 0
A26: 3 | B26: Национальный проект "Молодежь и дети" | C26: =Лист1!F57/1000 -> 5201.5 | D26: =Лист1!G57/1000 -> 1061.9 | E26: =Лист1!H57/1000 -> 4075.7 | F26: =Лист1!I57/1000 -> 63.9 | G26: =Лист1!J57/1000 -> 177 | H26: =Лист1!K57/1000 -> 1.6 | I26: =Лист1!L57/1000 -> 175.4 | J26: =Лист1!M57/1000 -> 0 | K26: =G26/C26 -> 0.034
A27: 3.1 | B27: Региональный проект "Все лучшее детям" | C27: =Лист1!F58/1000 -> 3853.9 | D27: =Лист1!G58/1000 -> 1057.701 | E27: =Лист1!H58/1000 -> 2732.285 | F27: =Лист1!I58/1000 -> 63.94 | G27: =Лист1!J58/1000 -> 1.5 | H27: =Лист1!K58/1000 -> 1.5 | I27: =Лист1!L58/1000 -> 0 | J27: =Лист1!M58/1000 -> 0 | K27: =G27/C27 -> 0
A28: 3.2 | B28: Региональный проект "Педагоги и наставники" | C28: =Лист1!F71/1000 -> 1347.6 | D28: =Лист1!G71/1000 -> 4.181 | E28: =Лист1!H71/1000 -> 1343.43 | F28: =Лист1!I71/1000 -> 0 | G28: =Лист1!J71/1000 -> 175.5 | H28: =Лист1!K71/1000 -> 0.1 | I28: =Лист1!L71/1000 -> 175.4 | J28: =Лист1!M71/1000 -> 0 | K28: =G28/C28 -> 0.13
A29: 3.3 | B29: Региональный проект "Профессионалитет" | C29: =Лист1!F80/1000 -> 0 | D29: =Лист1!G80/1000 -> 0 | E29: =Лист1!H80/1000 -> 0 | F29: =Лист1!I80/1000 -> 0 | G29: =Лист1!J80/1000 -> 0 | H29: =Лист1!K80/1000 -> 0 | I29: =Лист1!L80/1000 -> 0 | J29: =Лист1!M80/1000 -> 0 | K29: =G29/C29 -> #DIV/0!
A30: 4 | B30: Национальный проект "Экономика данных и цифровая трансформация государства" | C30: =Лист1!F83/1000 -> 133.2 | D30: =Лист1!G83/1000 -> 78.4 | E30: =Лист1!H83/1000 -> 54.7 | F30: =Лист1!I83/1000 -> 0 | G30: =Лист1!J83/1000 -> 73.6 | H30: =Лист1!K83/1000 -> 73.6 | I30: =Лист1!L83/1000 -> 0 | J30: =Лист1!M83/1000 -> 0 | K30: =G30/C30 -> 0.553
A31: 4.1 | B31: Региональный проект "Цифровые платформы в отраслях социальной сферы" | C31: =Лист1!F84/1000 -> 119.9 | D31: =Лист1!G84/1000 -> 78.2 | E31: =Лист1!H84/1000 -> 41.7 | F31: =Лист1!I84/1000 -> 0 | G31: =Лист1!J84/1000 -> 73.6 | H31: =Лист1!K84/1000 -> 73.6 | I31: =Лист1!L84/1000 -> 0 | J31: =Лист1!M84/1000 -> 0 | K31: =G31/C31 -> 0.614
A32: 4.2 | B32: Региональный проект "Цифровое государственное управление" | C32: =Лист1!F89/1000 -> 13.3 | D32: =Лист1!G89/1000 -> 0.3 | E32: =Лист1!H89/1000 -> 13 | F32: =Лист1!I89/1000 -> 0 | G32: =Лист1!J89/1000 -> 0 | H32: =Лист1!K89/1000 -> 0 | I32: =Лист1!L89/1000 -> 0 | J32: =Лист1!M89/1000 -> 0 | K32: =G32/C32 -> 0
A33: 5 | B33: Национальный проект "Экологическое благополучие" | C33: =Лист1!F92/1000 -> 15.2 | D33: =Лист1!G92/1000 -> 0 | E33: =Лист1!H92/1000 -> 15.2 | F33: =Лист1!I92/1000 -> 0 | G33: =Лист1!J92/1000 -> 0 | H33: =Лист1!K92/1000 -> 0 | I33: =Лист1!L92/1000 -> 0 | J33: =Лист1!M92/1000 -> 0 | K33: =G33/C33 -> 0
A34: 5.1 | B34: Региональный проект "Вода России" | C34: =Лист1!F93/1000 -> 0 | D34: =Лист1!G93/1000 -> 0 | E34: =Лист1!H93/1000 -> 0 | F34: =Лист1!I93/1000 -> 0 | G34: =Лист1!J93/1000 -> 0 | H34: =Лист1!K93/1000 -> 0 | I34: =Лист1!L93/1000 -> 0 | J34: =Лист1!M93/1000 -> 0 | K34: =G34/C34 -> #DIV/0!
A35: 5.2 | B35: Региональный проект "Сохранение лесов" | C35: =Лист1!F96/1000 -> 15.2 | D35: =Лист1!G96/1000 -> 0 | E35: =Лист1!H96/1000 -> 15.2 | F35: =Лист1!I96/1000 -> 0 | G35: =Лист1!J96/1000 -> 0 | H35: =Лист1!K96/1000 -> 0 | I35: =Лист1!L96/1000 -> 0 | J35: =Лист1!M96/1000 -> 0 | K35: =G35/C35 -> 0
A36: 6 | B36: Национальный проект "Инфраструктура для жизни" | C36: =Лист1!F102/1000 -> 8485.7 | D36: =Лист1!G102/1000 -> 2556.8 | E36: =Лист1!H102/1000 -> 5390.7 | F36: =Лист1!I102/1000 -> 538.2 | G36: =Лист1!J102/1000 -> 808.2 | H36: =Лист1!K102/1000 -> 690.7 | I36: =Лист1!L102/1000 -> 55.5 | J36: =Лист1!M102/1000 -> 62 | K36: =G36/C36 -> 0.095
A37: 6.1 | B37: Региональный проект "Региональная и местная дорожная сеть" | C37: =Лист1!F103/1000 -> 6969.9 | D37: =Лист1!G103/1000 -> 2175.7 | E37: =Лист1!H103/1000 -> 4390.6 | F37: =Лист1!I103/1000 -> 403.7 | G37: =Лист1!J103/1000 -> 808.2 | H37: =Лист1!K103/1000 -> 690.7 | I37: =Лист1!L103/1000 -> 55.5 | J37: =Лист1!M103/1000 -> 62 | K37: =G37/C37 -> 0.116
A38: 6.2 | B38: Федеральный проект "Жильё" | C38: =Лист1!F109/1000 -> 228.2 | D38: =Лист1!G109/1000 -> 66 | E38: =Лист1!H109/1000 -> 126.9 | F38: =Лист1!I109/1000 -> 35.4 | G38: =Лист1!J109/1000 -> 0 | H38: =Лист1!K109/1000 -> 0 | I38: =Лист1!L109/1000 -> 0 | J38: =Лист1!M109/1000 -> 0 | K38: =G38/C38 -> 0
A39: 6.3 | B39: Региональный проект "Формирование комфортной городской среды" | C39: =Лист1!F113/1000 -> 439.2 | D39: =Лист1!G113/1000 -> 7.9 | E39: =Лист1!H113/1000 -> 384.7 | F39: =Лист1!I113/1000 -> 46.7 | G39: =Лист1!J113/1000 -> 0 | H39: =Лист1!K113/1000 -> 0 | I39: =Лист1!L113/1000 -> 0 | J39: =Лист1!M113/1000 -> 0 | K39: =G39/C39 -> 0
A40: 6.4 | B40: Региональный проект "Общесистемные меры развития дорожного хозяйства" | C40: =Лист1!F117/1000 -> 48.4 | D40: =Лист1!G117/1000 -> 4.9 | E40: =Лист1!H117/1000 -> 43.5 | F40: =Лист1!I117/1000 -> 0 | G40: =Лист1!J117/1000 -> 0 | H40: =Лист1!K117/1000 -> 0 | I40: =Лист1!L117/1000 -> 0 | J40: =Лист1!M117/1000 -> 0 | K40: =G40/C40 -> 0
A41: 6.5 | B41: Региональный проект "Модернизация коммунальной инфраструктуры" | C41: =Лист1!F121/1000 -> 429.7 | D41: =Лист1!G121/1000 -> 115.5 | E41: =Лист1!H121/1000 -> 261.7 | F41: =Лист1!I121/1000 -> 52.5 | G41: =Лист1!J121/1000 -> 0 | H41: =Лист1!K121/1000 -> 0 | I41: =Лист1!L121/1000 -> 0 | J41: =Лист1!M121/1000 -> 0 | K41: =G41/C41 -> 0
A42: 6.6 | B42: Региональный проект "Безопасность дорожного движения" | C42: =Лист1!F125/1000 -> 183.1 | D42: =Лист1!G125/1000 -> 183.1 | E42: =Лист1!H125/1000 -> 0 | F42: =Лист1!I125/1000 -> 0 | G42: =Лист1!J125/1000 -> 0 | H42: =Лист1!K125/1000 -> 0 | I42: =Лист1!L125/1000 -> 0 | J42: =Лист1!M125/1000 -> 0 | K42: =G42/C42 -> 0
A43: 6.7 | B43: Региональный проект "Развитие общественного транспорта" | C43: =Лист1!F130/1000 -> 187.2 | D43: =Лист1!G130/1000 -> 3.7 | E43: =Лист1!H130/1000 -> 183.4 | F43: =Лист1!I130/1000 -> 0 | G43: =Лист1!J130/1000 -> 0 | H43: =Лист1!K130/1000 -> 0 | I43: =Лист1!L130/1000 -> 0 | J43: =Лист1!M130/1000 -> 0 | K43: =G43/C43 -> 0
A44: 7 | B44: Национальный проект "Семья" | C44: =Лист1!F133/1000 -> 1379.9 | D44: =Лист1!G133/1000 -> 92.1 | E44: =Лист1!H133/1000 -> 1282.4 | F44: =Лист1!I133/1000 -> 5.3 | G44: =Лист1!J133/1000 -> 130 | H44: =Лист1!K133/1000 -> 5.7 | I44: =Лист1!L133/1000 -> 124.3 | J44: =Лист1!M133/1000 -> 0 | K44: =G44/C44 -> 0.094
A45: 7.1 | B45: Региональный проект "Охрана материнства и детства" | C45: =Лист1!F134/1000 -> 228.4 | D45: =Лист1!G134/1000 -> 4.6 | E45: =Лист1!H134/1000 -> 223.9 | F45: =Лист1!I134/1000 -> 0 | G45: =Лист1!J134/1000 -> 0 | H45: =Лист1!K134/1000 -> 0 | I45: =Лист1!L134/1000 -> 0 | J45: =Лист1!M134/1000 -> 0 | K45: =G45/C45 -> 0
A46: 7.2 | B46: Региональный проект "Семейные ценности и инфраструктура культуры" | C46: =Лист1!F139/1000 -> 271.4 | D46: =Лист1!G139/1000 -> 37.8 | E46: =Лист1!H139/1000 -> 228.4 | F46: =Лист1!I139/1000 -> 5.3 | G46: =Лист1!J139/1000 -> 12.7 | H46: =Лист1!K139/1000 -> 0.3 | I46: =Лист1!L139/1000 -> 12.5 | J46: =Лист1!M139/1000 -> 0 | K46: =G46/C46 -> 0.047
A47: 7.3 | B47: Региональный проект "Многодетная семья" | C47: =Лист1!F152/1000 -> 599.7 | D47: =Лист1!G152/1000 -> 44.1 | E47: =Лист1!H152/1000 -> 555.5 | F47: =Лист1!I152/1000 -> 0 | G47: =Лист1!J152/1000 -> 83.5 | H47: =Лист1!K152/1000 -> 4.7 | I47: =Лист1!L152/1000 -> 78.7 | J47: =Лист1!M152/1000 -> 0 | K47: =G47/C47 -> 0.139
A48: 7.4 | B48: Региональный проект "Старшее поколение" | C48: =Лист1!F158/1000 -> 222.8 | D48: =Лист1!G158/1000 -> 4.5 | E48: =Лист1!H158/1000 -> 218.3 | F48: =Лист1!I158/1000 -> 0 | G48: =Лист1!J158/1000 -> 33.8 | H48: =Лист1!K158/1000 -> 0.7 | I48: =Лист1!L158/1000 -> 33.1 | J48: =Лист1!M158/1000 -> 0 | K48: =G48/C48 -> 0.152
A49: 7.5 | B49: Региональный проект "Поддержка семьи" | C49: =Лист1!F161/1000 -> 57.6 | D49: =Лист1!G161/1000 -> 1.2 | E49: =Лист1!H161/1000 -> 56.4 | F49: =Лист1!I161/1000 -> 0.1 | G49: =Лист1!J161/1000 -> 0 | H49: =Лист1!K161/1000 -> 0 | I49: =Лист1!L161/1000 -> 0 | J49: =Лист1!M161/1000 -> 0 | K49: =G49/C49 -> 0
A50: 8 | B50: Национальный проект "Эффективная и конкурентная экономика" | C50: =Лист1!F165/1000 -> 50.1 | D50: =Лист1!G165/1000 -> 7.4 | E50: =Лист1!H165/1000 -> 42.8 | F50: =Лист1!I165/1000 -> 0 | G50: =Лист1!J165/1000 -> 27.2 | H50: =Лист1!K165/1000 -> 6.9 | I50: =Лист1!L165/1000 -> 20.3 | J50: =Лист1!M165/1000 -> 0 | K50: =G50/C50 -> 0.543
A51: 8.1 | B51: Региональный проект "Малое и среднее предпринимательство и поддержка индивидуальной предпринимательской инициативы" | C51: =Лист1!F166/1000 -> 22.9 | D51: =Лист1!G166/1000 -> 0.46 | E51: =Лист1!H166/1000 -> 22.45 | F51: =Лист1!I166/1000 -> 0 | G51: =Лист1!J166/1000 -> 0 | H51: =Лист1!K166/1000 -> 0 | I51: =Лист1!L166/1000 -> 0 | J51: =Лист1!M166/1000 -> 0 | K51: =G51/C51 -> 0
A52: 8.2 | B52: Региональный проект "Производительность труда" | C52: =Лист1!F169/1000 -> 27.2 | D52: =Лист1!G169/1000 -> 6.9 | E52: =Лист1!H169/1000 -> 20.3 | F52: =Лист1!I169/1000 -> 0 | G52: =Лист1!J169/1000 -> 27.2 | H52: =Лист1!K169/1000 -> 6.9 | I52: =Лист1!L169/1000 -> 20.3 | J52: =Лист1!M169/1000 -> 0 | K52: =G52/C52 -> 1
A53: 9 | B53: Национальный проект "Технологическое обеспечение продовольственной безопасности" | C53: =Лист1!F173/1000 -> 10.4 | D53: =Лист1!G173/1000 -> 0.6 | E53: =Лист1!H173/1000 -> 9.8 | F53: =Лист1!I173/1000 -> 0 | G53: =Лист1!J173/1000 -> 0 | H53: =Лист1!K173/1000 -> 0 | I53: =Лист1!L173/1000 -> 0 | J53: =Лист1!M173/1000 -> 0 | K53: =G53/C53 -> 0
A54: 9.1 | B54: Региональный проект "Кадры в агропромышленном комплексе" | C54: =Лист1!F174/1000 -> 10.4 | D54: =Лист1!G174/1000 -> 0.6 | E54: =Лист1!H174/1000 -> 9.8 | F54: =Лист1!I174/1000 -> 0 | G54: =Лист1!J174/1000 -> 0 | H54: =Лист1!K174/1000 -> 0 | I54: =Лист1!L174/1000 -> 0 | J54: =Лист1!M174/1000 -> 0 | K54: =G54/C54 -> 0
A55: 10 | B55: Национальный проект "Туризм и гостеприимство" | C55: =Лист1!F178/1000 -> 46.4 | D55: =Лист1!G178/1000 -> 0.9 | E55: =Лист1!H178/1000 -> 45.5 | F55: =Лист1!I178/1000 -> 0 | G55: =Лист1!J178/1000 -> 0 | H55: =Лист1!K178/1000 -> 0 | I55: =Лист1!L178/1000 -> 0 | J55: =Лист1!M178/1000 -> 0 | K55: =G55/C55 -> 0
A56: 10.1 | B56: Региональный проект "Создание номерного фонда, инфраструктуры и новых точек притяжения" | C56: =Лист1!F179/1000 -> 46.4 | D56: =Лист1!G179/1000 -> 0.9 | E56: =Лист1!H179/1000 -> 45.5 | F56: =Лист1!I179/1000 -> 0 | G56: =Лист1!J179/1000 -> 0 | H56: =Лист1!K179/1000 -> 0 | I56: =Лист1!L179/1000 -> 0 | J56: =Лист1!M179/1000 -> 0 | K56: =G56/C56 -> 0
A57: 11 | B57: Национальный проект "Беспилотные авиационные системы" | C57: =Лист1!F182/1000 -> 238.9 | D57: =Лист1!G182/1000 -> 238.9 | E57: =Лист1!H182/1000 -> 0 | F57: =Лист1!I182/1000 -> 0 | G57: =Лист1!J182/1000 -> 27.9 | H57: =Лист1!K182/1000 -> 27.9 | I57: =Лист1!L182/1000 -> 0 | J57: =Лист1!M182/1000 -> 0 | K57: =G57/C57 -> 0.117
A58: 11.1 | B58: Региональный проект "Разработка, стандартизация и серийное производство беспилотных авиационных систем и их комплектующих" | C58: =Лист1!F183/1000 -> 238.9 | D58: =Лист1!G183/1000 -> 238.9 | E58: =Лист1!H183/1000 -> 0 | F58: =Лист1!I183/1000 -> 0 | G58: =Лист1!J183/1000 -> 27.9 | H58: =Лист1!K183/1000 -> 27.9 | I58: =Лист1!L183/1000 -> 0 | J58: =Лист1!M183/1000 -> 0 | K58: =G58/C58 -> 0.117

Sheet Лист3
A5: Информация о плановых ассигнованиях и кассовом исполнении расходов консолидированного бюджета Томской области на реализацию региональных проектов Томской области по состоянию на 01.02.2026 года
A8: № п/п | B8: Наименование | C8: 2026 год | K8: % исполнения
C9: Плановые ассигнования*, в том числе | G9: Кассовое исполнение, в том числе
C10: ИТОГО | D10: за счет средств областного бюджета | E10: за счет средств федерального бюджета | F10: за счет средств местных бюджетов** | G10: ИТОГО | H10: за счет средств областного бюджета | I10: за счет средств федерального бюджета | J10: за счет средств местных бюджетов**
A11: 1 | B11: 2 | C11: 6 | D11: 7 | E11: 8 | F11: 9 | G11: 10 | H11: 11 | I11: 12 | J11: 13 | K11: 22
B12: ВСЕГО: | C12: =Лист2!C12 -> 17556.3 | D12: =Лист2!D12 -> 5022 | E12: =Лист2!E12 -> 11926.8 | F12: =Лист2!F12 -> 607.5 | G12: =Лист2!G12 -> 1327.6 | H12: =Лист2!H12 -> 863.8 | I12: =Лист2!I12 -> 401.7 | J12: =Лист2!J12 -> 62 | K12: =G12/C12 -> 0.076
A13: 1 | B13: Национальный проект "Кадры" | C13: =Лист2!C13 -> 27.1 | D13: =Лист2!D13 -> 0.5 | E13: =Лист2!E13 -> 26.6 | F13: =Лист2!F13 -> 0 | G13: =Лист2!G13 -> 0 | H13: =Лист2!H13 -> 0 | I13: =Лист2!I13 -> 0 | J13: =Лист2!J13 -> 0 | K13: =G13/C13 -> 0
A14: 2 | B14: Национальный проект "Продолжительная и активная жизнь" | C14: =Лист2!C17 -> 1967.9 | D14: =Лист2!D17 -> 984.4 | E14: =Лист2!E17 -> 983.5 | F14: =Лист2!F17 -> 0 | G14: =Лист2!G17 -> 83.7 | H14: =Лист2!H17 -> 57.5 | I14: =Лист2!I17 -> 26.2 | J14: =Лист2!J17 -> 0 | K14: =G14/C14 -> 0.043
A15: 3 | B15: Национальный проект "Молодежь и дети" | C15: =Лист2!C26 -> 5201.5 | D15: =Лист2!D26 -> 1061.9 | E15: =Лист2!E26 -> 4075.7 | F15: =Лист2!F26 -> 63.9 | G15: =Лист2!G26 -> 177 | H15: =Лист2!H26 -> 1.6 | I15: =Лист2!I26 -> 175.4 | J15: =Лист2!J26 -> 0 | K15: =G15/C15 -> 0.034
A16: 4 | B16: Национальный проект "Экономика данных и цифровая трансформация государства" | C16: =Лист2!C30 -> 133.2 | D16: =Лист2!D30 -> 78.4 | E16: =Лист2!E30 -> 54.7 | F16: =Лист2!F30 -> 0 | G16: =Лист2!G30 -> 73.6 | H16: =Лист2!H30 -> 73.6 | I16: =Лист2!I30 -> 0 | J16: =Лист2!J30 -> 0 | K16: =G16/C16 -> 0.553
A17: 5 | B17: Национальный проект "Экологическое благополучие" | C17: =Лист2!C33 -> 15.2 | D17: =Лист2!D33 -> 0 | E17: =Лист2!E33 -> 15.2 | F17: =Лист2!F33 -> 0 | G17: =Лист2!G33 -> 0 | H17: =Лист2!H33 -> 0 | I17: =Лист2!I33 -> 0 | J17: =Лист2!J33 -> 0 | K17: =G17/C17 -> 0
A18: 6 | B18: Национальный проект "Инфраструктура для жизни" | C18: =Лист2!C36 -> 8485.7 | D18: =Лист2!D36 -> 2556.8 | E18: =Лист2!E36 -> 5390.7 | F18: =Лист2!F36 -> 538.2 | G18: =Лист2!G36 -> 808.2 | H18: =Лист2!H36 -> 690.7 | I18: =Лист2!I36 -> 55.5 | J18: =Лист2!J36 -> 62 | K18: =G18/C18 -> 0.095
A19: 7 | B19: Национальный проект "Семья" | C19: =Лист2!C44 -> 1379.9 | D19: =Лист2!D44 -> 92.1 | E19: =Лист2!E44 -> 1282.4 | F19: =Лист2!F44 -> 5.3 | G19: =Лист2!G44 -> 130 | H19: =Лист2!H44 -> 5.7 | I19: =Лист2!I44 -> 124.3 | J19: =Лист2!J44 -> 0 | K19: =G19/C19 -> 0.094
A20: 8 | B20: Национальный проект "Эффективная и конкурентная экономика" | C20: =Лист2!C50 -> 50.1 | D20: =Лист2!D50 -> 7.4 | E20: =Лист2!E50 -> 42.8 | F20: =Лист2!F50 -> 0 | G20: =Лист2!G50 -> 27.2 | H20: =Лист2!H50 -> 6.9 | I20: =Лист2!I50 -> 20.3 | J20: =Лист2!J50 -> 0 | K20: =G20/C20 -> 0.543
A21: 9 | B21: Национальный проект "Технологическое обеспечение продовольственной безопасности" | C21: =Лист2!C53 -> 10.4 | D21: =Лист2!D53 -> 0.6 | E21: =Лист2!E53 -> 9.8 | F21: =Лист2!F53 -> 0 | G21: =Лист2!G53 -> 0 | H21: =Лист2!H53 -> 0 | I21: =Лист2!I53 -> 0 | J21: =Лист2!J53 -> 0 | K21: =G21/C21 -> 0
A22: 10 | B22: Национальный проект "Туризм и гостеприимство" | C22: =Лист2!C55 -> 46.4 | D22: =Лист2!D55 -> 0.9 | E22: =Лист2!E55 -> 45.5 | F22: =Лист2!F55 -> 0 | G22: =Лист2!G55 -> 0 | H22: =Лист2!H55 -> 0 | I22: =Лист2!I55 -> 0 | J22: =Лист2!J55 -> 0 | K22: =G22/C22 -> 0
A23: 11 | B23: Национальный проект "Беспилотные авиационные системы" | C23: =Лист2!C57 -> 238.9 | D23: =Лист2!D57 -> 238.9 | E23: =Лист2!E57 -> 0 | F23: =Лист2!F57 -> 0 | G23: =Лист2!G57 -> 27.9 | H23: =Лист2!H57 -> 27.9 | I23: =Лист2!I57 -> 0 | J23: =Лист2!J57 -> 0 | K23: =G23/C23 -> 0.117
